 Dungeon Crawl Stone Soup version bcrawl-1.21.3-16-g7f46a08de7 (webtiles) character file.

Game seed: 7412814743160263204

10 Anathary the Firebug (level 2, 0/15 HPs)
             Began as a Skeleton Fire Elementalist on May 3, 2020.
             Slain by a kobold
             ... wielding a +2 whip of venom
              (6 damage)
             ... on level 1 of the Dungeon.
             The game lasted 00:02:15 (529 turns).

Anathary the Firebug (Skeleton Fire Elementalist)    Turns: 529, Time: 00:02:15

Health: 0/15       AC:  2    Str: 14      XL:     2   Next: 10%
Magic:  0/6        EV: 12    Int: 12 (13) God:
Gold:   8          SH:  0    Dex:  9      Spells: 6/7 levels left

rFire    . . .     SeeInvis .   (no weapon)
rCold    + . .     Gourm    .   (no shield)
rNeg     + + +     Faith    .   a - +0 robe
rPois    ∞         Spirit   +   (no helmet)
rElec    .         Reflect  .   (no cloak)
rCorr    .         Harm     .   (no gloves)
MR       .....                  (no boots)
Stlth    ++........             (no amulet)
HPRegen  0.05/turn              (no ring)
MPRegen  0.10/turn              (no ring)

@: very slightly contaminated
A: no food or potions, cold resistance 1, deterioration 1, negative energy
resistance 3, torment resistance, unbreathing, magic shield, sturdy frame 1,
spell healing
a: no special abilities


You were on level 1 of the Dungeon.
You were not hungry.

You visited 1 branch of the dungeon, and saw 1 of its levels.

You collected 8 gold pieces.

Inventory:

Missiles
 c - 41 stones (quivered)
Armour
 a - a +0 robe (worn)
Scrolls
 b - a scroll of identify {unknown}


   Skills:
 + Level 2.2 Dodging
 + Level 2.4 Stealth
 + Level 3.0 Spellcasting
 + Level 1.2 Conjurations
 + Level 3.4 Fire Magic


You had 6 spell levels left.
You knew the following spells:

 Your Spells              Type           Power        Failure   Level  Hunger
a - Flame Tongue          Conj/Fire      #....        10%         1    N/A

Your spell library contained the following spells:

 Spells                   Type           Power        Failure   Level  Hunger
 Flaming Arrows           Chrm/Fire      #.......     19%         2    N/A
 Conjure Flame            Conj/Fire      #.......     28%         3    N/A
 Inner Flame              Hex/Fire       N/A          36%         3    N/A
 Sticky Flame             Conj/Fire      #.......     67%         4    N/A
 Fireball                 Conj/Fire      #.........   95%         5    N/A

Dungeon Overview and Level Annotations

Branches:
Dungeon (1/12)

Altars:


Innate Abilities, Weirdness & Mutations

You do not eat or drink.
You are immune to poison.
Your flesh is cold resistant. (rC+)
Your body sometimes deteriorates upon taking damage.
You are immune to negative energy. (rN+++)
You are immune to unholy pain and torment.
You can survive without breathing.
When hurt, damage is shared between your health and your magic reserves.
Your movements are slightly less encumbered by armour. (ER -2)
Casting spells heals you.


Message History

Confirm with . or Enter, or press ? or * to list all spells.
Aiming: Flame Tongue (safe; 10% risk of failure)
Press: ? - help, Shift-Dir - straight line, f/p - dart slug
Aim: a dart slug (moderately wounded)
You miscast Flame Tongue.
You are very lightly contaminated with residual magic.
Nothing appears to happen.
Casting: Flame Tongue (safe; 10% risk of failure)
Confirm with . or Enter, or press ? or * to list all spells.
Aiming: Flame Tongue (safe; 10% risk of failure)
Press: ? - help, Shift-Dir - straight line, f/p - dart slug
Aim: a dart slug (moderately wounded)
The flame tongue hits the dart slug.
The dart slug is almost dead.
The dart slug launches a dart at you. The slug dart hits you.
The kobold closely misses you. The dart slug launches a dart at you.
The slug dart hits you.
The kobold hits you with a +2 whip of venom!
You die...

.........#....#
.........#....# #...#
....######....+ ....#
....#...##....#
....##. ....#...#
....).
....#...#########....#
....#...#............#
....#...#............#
....#...#.......@w...#
..###..........K.....#
..###............#.###
.................+...
.................# ###
.................#
...................
.......†.......####
.........####...


You could see a dart slug and a kobold.

Vanquished Creatures
  A dart slug (D:1)
  A leopard gecko (D:1)
  A goblin (D:1)
  A hobgoblin (D:1)
  3 bats (D:1)
  A kobold (D:1)
8 creatures vanquished.

Notes
Turn   | Place    | Note
-------+----------+-------------------------------------------
     0 | D:1      | Anathary the Skeleton Fire Elementalist began the quest for
                  | the Orb.
     0 | D:1      | Reached XP level 1. HP: 10/10 MP: 4/4
   489 | D:1      | Reached XP level 2. HP: 15/15 MP: 4/6
   529 | D:1      | Slain by a kobold

Action                   || total
-------------------------++-------
Melee: Unarmed           ||    12
 Cast: Flame Tongue      ||    16
Armor: Robe              ||     9
Dodge: Dodged            ||     9
